 Dungeon Crawl Stone Soup version 0.26-a0-30-g56b8cd3df0 (webtiles) character file.

Game seed: 14711101210220173886, levelgen mode: deterministic

77 vurker the Gusty (level 4, 0/25 HPs)
             Began as a Tengu Air Elementalist on May 29, 2020.
             Slain by a goblin
             ... wielding a +0 dagger
             ... led by Robin
              (1 damage)
             ... on level 2 of the Dungeon.
             The game lasted 00:02:02 (2136 turns).

vurker the Gusty (Tengu Air Elementalist)           Turns: 2136, Time: 00:02:03

Health: 0/25       AC:  2    Str:  9    XL:     4   Next: 34%
Magic:  1/9        EV: 12    Int: 16    God:
Gold:   45         SH:  0    Dex: 14    Spells: 7/8 levels left

rFire    . . .     SeeInvis .   g - +0 short sword (elec)
rCold    . . .     Gourm    .   (no shield)
rNeg     . . .     Faith    .   a - +0 robe
rPois    .         Spirit   .   (helmet restricted)
rElec    .         Reflect  .   (no cloak)
rCorr    .         Harm     .   (no gloves)
MR       .....                  (boots unavailable)
Stlth    ++........             h - amulet of inaccuracy (curse)
HPRegen  0.08/turn              (no ring)
MPRegen  0.11/turn              (no ring)

@: very slightly contaminated
A: beak, talons 3
a: no special abilities


You were on level 2 of the Dungeon.
You were not hungry.

You visited 1 branch of the dungeon, and saw 2 of its levels.

You collected 45 gold pieces.

Inventory:

Hand Weapons
 g - a +0 short sword of electrocution (weapon)
   (You took it off a kobold on level 1 of the Dungeon)
Armour
 a - a +0 robe (worn)
 j - a +0 pair of gloves
   (You found it on level 2 of the Dungeon)
Jewellery
 h - a cursed amulet of inaccuracy (around neck)
   (You found it on level 1 of the Dungeon)
Scrolls
 c - a scroll of teleportation
 d - a scroll of identify
 k - a scroll of blinking {unknown}
Potions
 b - a potion of invisibility
 i - a potion of might {unknown}
Comestibles
 e - 4 rations


   Skills:
 + Level 1.2 Fighting
 - Level 2.1 Dodging
 - Level 2.0 Stealth
 * Level 2.9 Spellcasting
 + Level 2.4 Conjurations
 * Level 5.0 Air Magic


You had 7 spell levels left.
You knew the following spells:

 Your Spells              Type           Power        Failure   Level  Hunger
a - Shock                 Conj/Air       ##..         4%          1    #......

Your spell library contained the following spells:

 Spells                   Type           Power        Failure   Level  Hunger
 Swiftness                Chrm/Air       ##......     10%         2    ##.....
 Static Discharge         Conj/Air       ##......     12%         3    ###....
 Airstrike                Air            ###.......   24%         4    #####..
 Lightning Bolt           Conj/Air       ##........   75%         5    ######.


Dungeon Overview and Level Annotations

Branches:
Dungeon (2/15)

Altars:
Qazlal

Annotations:
D:2 Robin


Innate Abilities, Weirdness & Mutations

You have a beak for a mouth.
You have claws for feet.


Message History

The zap hits the hobgoblin.
You kill the hobgoblin!
The zap hits Robin.
The zap misses the hobgoblin.
A hobgoblin comes into view. It is wielding a +0 club.
A goblin comes into view.
Robin throws the goblin at you!
Aim: a goblin (wandering, strong, hasn't noticed you)
The zap misses the goblin.
The hobgoblin shouts!
The goblin barely misses you.
You miss the goblin. The goblin barely misses you.
A goblin comes into view. It is wielding a +0 club.
The goblin closely misses you.
You barely miss the goblin. The goblin closely misses you.
You closely miss the goblin. The goblin hits you with a +0 dagger.
The goblin misses you.
You miss the goblin. The goblin barely misses you. The goblin misses you.
The zap misses the goblin.
The zap hits the hobgoblin. x2
You kill the hobgoblin!
The goblin hits you with a +0 dagger. The goblin misses you.
The zap hits the goblin.
You kill the goblin!
The zap hits the goblin.
You kill the goblin!
The goblin hits you.
Aim: a goblin, wielding a +0 club (strong)
The zap hits Robin.
The zap misses the hobgoblin.
The zap misses the goblin.
Robin hits you with a +0 falchion. The goblin hits you.
Aim: a goblin, wielding a +0 club (strong)
The zap misses Robin.
The zap misses the hobgoblin.
The zap hits the goblin.
You kill the goblin!
Robin closely misses you. The goblin hits you.
* * * LOW HITPOINT WARNING * * *
A goblin comes into view. It is wielding a +0 dagger.
You don't have enough magic to cast that spell.
You closely miss the goblin. Your kick misses the goblin. The goblin hits you.
* * * LOW HITPOINT WARNING * * *
Robin closely misses you.
You barely miss the goblin. You peck the goblin.
The goblin hits you but does no damage. Robin barely misses you.
You hit the goblin.
You kill the goblin!
Robin says, "My army is invincible!"
Robin hits you with a +0 falchion.
* * * LOW HITPOINT WARNING * * *
You closely miss Robin. You claw Robin. Robin throws the goblin at you!
You closely miss the goblin.
The goblin no longer looks unusually strong.
The goblin hits you with a +0 dagger.
You die...

..#..#..#..#.###.#####
.##....##.###.#.####
..###..#..#........#
#...####.##..#####.#
###...#..#...#
###...##...#
###.#....# #
#.#....#####.###.†
#.#......g@gg).).$
.....####.###)####.
.#.## #... .. ...#
##### ## ####


You could see Robin, a hobgoblin (strong) and a goblin.

Vanquished Creatures
  4 adders (D:2)
  An ooze (D:2)
  A dart slug (D:1)
  2 leopard geckos (D:2)
  2 bats (D:2)
  A giant cockroach (D:2)
  9 goblins
  5 hobgoblins
  2 frilled lizards
  4 kobolds
  5 rats (D:2)
36 creatures vanquished.

Notes
Turn   | Place    | Note
-------+----------+-------------------------------------------
     0 | D:1      | vurker the Tengu Air Elementalist began the quest for the
                  | Orb.
     0 | D:1      | Reached XP level 1. HP: 10/10 MP: 4/4
   394 | D:1      | Reached XP level 2. HP: 15/15 MP: 1/6
   699 | D:2      | Found a stormy altar of Qazlal.
  1242 | D:2      | Reached XP level 3. HP: 20/20 MP: 5/7
  1453 | D:2      | Reached skill level 1 in Fighting
  1840 | D:2      | Reached XP level 4. HP: 13/25 MP: 0/9
  2056 | D:2      | Reached skill level 5 in Air Magic
  2118 | D:2      | Noticed Robin
  2134 | D:2      | HP: 1/25 [Robin/+0 falchion (6)]
  2136 | D:2      | Slain by a goblin

Illustrated notes

Levels and vault maps discovered:
D:1:      erik_arrival_cave_to_civilisation [erik_arrival_cave_to_hall],
          layout_basic
D:2:      minmay_skewed_foursquare, layout_loops_ring,
          grunt_dithmenos_smoke_and_mirrors, lemuel_altar_in_water2, uniq_robin,
          uniq_sigmund

Skill      XL: |  1  2  3  4 |
---------------+-------------+-----
Conjurations   | 2 |  2.4
Fighting       | 1 |  1.2
Air Magic      | 5 |  5.0
Dodging        | |  2.1
Stealth        | |  2.0
Spellcasting   | |  2.9

Action                   |  1- 3 |  4- 6 || total
-------------------------+-------+-------++-------
Melee: Unarmed           |     2 |       ||     2
       Kick              |     3 |     1 ||     4
       Peck              |     4 |     1 ||     5
       Short sword       |    30 |     9 ||    39
 Cast: Shock             |    62 |    22 ||    84
  Use: Scroll            |     2 |       ||     2
  Eat: Chunk             |     4 |     1 ||     5
Armor: Robe              |    16 |     1 ||    17
Dodge: Dodged            |    44 |    11 ||    55

Table legend:
 A = Non-vault XP
 B = Vault XP
 C = Vault XP percentage of total XP
 D = Non-vault monster count
 E = Vault monster count
 F = Vault count percentage of total count
                 A         B        C        D         E       F
            +---------+---------+-------+---------+---------+-------
      Total |      96 |      15 |  13.5 |      26 |      10 |  27.8
            +---------+---------+-------+---------+---------+-------
        D:1 |      11 |       0 |   0.0 |       6 |       0 |   0.0
        D:2 |      85 |      15 |  15.0 |      20 |      10 |  33.3
            +---------+---------+-------+---------+---------+-------
